Blues vs Penguins
Created - March 18, 2021 at 20:11
Goals
|
| Blues |
1 |
1 |
0 |
0 |
2 |
| Penguins |
1 |
1 |
0 |
1 |
3 |
|
Shots
|
| Blues |
11 |
12 |
2 |
0 |
25 |
| Penguins |
9 |
11 |
3 |
3 |
26 |
|
1st period
1. Blues , Filip Forsberg 14 (Tyler Johnson 49, Nicklas Backstrom 52) at 6:24
2. Penguins , Sean Zimmerman 7 (Steven Stamkos 46, Andrew Cogliano 41) at 12:20
Penalties :
David Perron (STL) for Roughing (Minor) at 14:33
2nd period
3. Blues , Vincent Lecavalier 7 (Yann Sauvé 11, Linus Omark 13) at 6:36
4. Penguins , Andrew Cogliano 28 (Steven Stamkos 47) at 18:40 (PP)
Penalties :
Keith Aulie (Pit) for Cross-checking (Minor) at 0:25, Steven Stamkos (Pit) for Tripping (Minor) at 3:52, Linus Omark (STL) for Hooking (Minor) at 8:20, Daniel Carcillo (Pit) for Hooking (Minor) at 14:28, Filip Forsberg (STL) for Holding (Minor) at 18:33
3rd period
No Goal
Penalties :
Steven Stamkos (Pit) for Holding (Minor) at 0:26, Drew Shore (STL) for Holding (Minor) at 10:11, Anthony Mantha (STL) for Interference (Minor) at 14:21, Keith Aulie (Pit) for High sticking (Minor) at 16:59
Overtime #1
5. Penguins , Marcus Foligno 10 (Danny DeKeiser 23, Jeff Schultz 22) at 0:53
Penalties :
No Penalty
Goalie Stats
Pascal Leclaire (STL), 23 saves from 26 shots - (0.885), OTL, 5-3-3, 60:53 minutes
Michal Neuvirth (Pit), 23 saves from 25 shots - (0.920), W, 27-19-6, 60:53 minutes
Players Stats for Blues
Player Name G A P +/- PIM S H SB GA TA FO MP PP MP PK MP
------------------------------------------------------------------------------------
Alex Pietrangelo 0 0 0 0 0 3 4 1 2 0 0/0 26:07 5:56 0:02
Anthony Mantha 0 0 0 0 2 1 2 1 0 0 1/1 8:22 0:00 0:00
Brandon Yip 0 0 0 1 0 0 2 0 0 0 0/0 9:43 0:04 0:00
Cody Ceci 0 0 0 -1 0 1 0 3 0 2 0/0 16:53 0:00 5:20
David Perron 0 0 0 -1 2 2 2 0 2 0 0/0 17:50 5:39 1:14
Drew Shore 0 0 0 0 2 0 1 0 0 0 3/6 11:31 0:00 3:09
Fabian Brunnstrom 0 0 0 0 0 1 1 0 0 0 0/0 11:44 0:04 2:17
Filip Forsberg 1 0 1 1 2 2 2 0 0 0 0/1 19:40 4:12 2:16
Jacob Slavin 0 0 0 0 0 0 0 0 1 0 0/0 15:26 3:59 0:34
Jake Gardiner 0 0 0 0 0 1 1 1 0 2 0/0 24:06 5:56 2:41
Kevin Hayes 0 0 0 -1 0 1 1 1 0 0 0/0 14:59 4:12 0:00
Linus Omark 0 1 1 1 2 2 0 0 1 0 0/1 8:54 0:04 0:00
Nicklas Backstrom 0 1 1 0 0 0 0 0 2 0 14/27 19:57 5:39 0:18
Ryan Murray 0 0 0 1 0 0 0 1 0 0 0/0 22:22 3:59 2:41
Ryan O'Reilly 0 0 0 -1 0 4 1 0 1 1 8/11 17:44 4:12 2:39
Tyler Johnson 0 1 1 0 0 6 0 0 1 1 0/2 23:53 5:39 4:13
Vincent Lecavalier 1 0 1 1 0 1 0 0 1 0 1/3 9:21 0:00 0:00
Yann Sauvé 0 1 1 0 0 0 0 0 0 0 0/0 16:52 0:00 4:48
Players Stats for Penguins
Player Name G A P +/- PIM S H SB GA TA FO MP PP MP PK MP
------------------------------------------------------------------------------------
Alexei Marchenko 0 0 0 0 0 0 2 2 0 0 0/0 15:54 0:00 3:44
Andreas Martinsen 0 0 0 0 0 1 0 0 0 0 0/0 8:02 0:08 0:38
Andrew Cogliano 1 1 2 0 0 3 1 1 1 1 0/0 21:40 4:27 2:56
Cal Clutterbuck 0 0 0 0 0 0 1 1 0 1 0/0 10:49 0:00 1:57
Daniel Carcillo 0 0 0 0 2 0 2 0 0 1 0/0 13:28 0:00 4:24
Danny DeKeiser 0 1 1 0 0 2 1 1 0 0 0/0 20:06 3:17 3:41
Gilbert Brule 0 0 0 -1 0 2 4 0 0 0 3/10 19:26 3:28 3:25
Jake McCabe 0 0 0 0 0 2 3 0 0 0 0/0 16:15 3:17 0:22
Jeff Schultz 0 1 1 0 0 0 0 2 0 4 0/0 19:32 0:00 5:52
Jeff Skinner 0 0 0 0 0 0 2 1 0 0 0/1 15:04 3:28 0:00
Joe Colborne 0 0 0 0 0 3 0 0 0 0 2/3 12:01 0:00 3:08
Keith Aulie 0 0 0 0 4 1 2 2 1 0 0/0 23:22 4:46 0:00
Marcus Foligno 1 0 1 0 0 3 0 0 1 0 0/1 12:02 0:06 0:00
Mark Stone 0 0 0 0 0 0 1 0 0 0 0/0 10:30 3:28 0:00
Nikita Kucherov 0 0 0 0 0 4 1 1 1 0 0/0 18:14 4:29 0:00
Sean Monahan 0 0 0 0 0 2 1 0 0 0 2/4 7:27 0:00 0:14
Sean Zimmerman 1 0 1 0 0 3 1 2 1 1 0/0 27:49 4:46 6:11
Steven Stamkos 0 2 2 0 4 0 1 0 1 3 18/33 21:51 4:35 3:08
3 Stars
1 - Andrew Cogliano (Pit)
2 - Sean Zimmerman (Pit)
3 - Vincent Lecavalier (STL)
Power Play
Blues - 0 on 5 Attempt(s) - 0.00%
Penguins - 1 on 5 Attempt(s) - 20.00%
Penalty Kill
Blues - 4 on 5 Attempt(s) - 80.00%
- Score 0 goal in Penalty Kill
Penguins - 5 on 5 Attempt(s) - 100.00%
- Score 0 goal in Penalty Kill
Team Stat
Blues - Hits : 17 - Faceoff Wins : 27 - Blocked Shots : 8 - Penalty Minutes : 10
Penguins - Hits : 23 - Faceoff Wins : 25 - Blocked Shots : 13 - Penalty Minutes : 10
Official
Referees : Unknown
Linesman : Unknown
Game Notes
No Game Note
Finance
Level 1 -- Attendance: 4795 (79.92%) -- Ticket Income $575,400
Level 2 -- Attendance: 4133 (82.66%) -- Ticket Income $289,310
Level 3 -- Attendance: 1667 (83.35%) -- Ticket Income $75,015
Level 4 -- Attendance: 2823 (70.58%) -- Ticket Income $98,805
Luxury Box -- Attendance: 755 (75.50%) -- Ticket Income $151,000
Game was played at the Igloo.
Total Attendance: 14173 (78.74%)
Total Ticket Income: $1,189,530
Other Income: $178,430
Total Income: $1,367,960
Blues
5 vs 5 Forward
Center Left Wing Right Wing Time % Phy DF OF
1 Nicklas Backstrom Filip Forsberg Tyler Johnson 40 1 2 2
2 Ryan O'Reilly David Perron Kevin Hayes 30 1 2 2
3 Drew Shore Fabian Brunnstrom Anthony Mantha 20 1 2 2
4 Vincent Lecavalier Linus Omark Brandon Yip 10 1 2 2
5 vs 5 Defense
Defense Defense Time % Phy DF OF
1 Alex Pietrangelo Ryan Murray 40 1 2 2
2 Yann Sauvé Jake Gardiner 30 1 2 2
3 Cody Ceci Jacob Slavin 20 1 2 2
4 Alex Pietrangelo Jake Gardiner 10 1 2 2
PowerPlay Forward
Center Left Wing Right Wing Time % Phy DF OF
1 Nicklas Backstrom David Perron Tyler Johnson 60 1 1 3
2 Ryan O'Reilly Filip Forsberg Kevin Hayes 40 1 1 3
PowerPlay Defense
Defense Defense Time % Phy DF OF
1 Alex Pietrangelo Jake Gardiner 60 1 2 2
2 Jacob Slavin Ryan Murray 40 1 2 2
Penalty Kill 4 Players Forward
Center Wing Time % Phy DF OF
1 Drew Shore Tyler Johnson 60 1 3 1
2 Ryan O'Reilly David Perron 40 1 3 1
Penalty Kill 4 Players Defense
Defense Defense Time % Phy DF OF
1 Yann Sauvé Cody Ceci 60 2 3 0
2 Ryan Murray Jake Gardiner 40 2 3 0
Penalty Kill - 3 Players Forward
Forward Time % Phy DF OF
1 Nicklas Backstrom 60 1 2 2
2 Tyler Johnson 40 1 2 2
Penalty Kill - 3 Players Defense
Defense Defense Time % Phy DF OF
1 Alex Pietrangelo Cody Ceci 60 1 2 2
2 Ryan Murray Yann Sauvé 40 1 2 2
4 vs 4 Forward
Center Wing Time % Phy DF OF
1 Nicklas Backstrom Tyler Johnson 60 1 2 2
2 Ryan O'Reilly David Perron 40 1 2 2
4 vs 4 Defense
Defense Defense Time % Phy DF OF
1 Alex Pietrangelo Cody Ceci 60 1 2 2
2 Jake Gardiner Yann Sauvé 40 1 2 2
Last Minutes Offensive
Center Left Wing Right Wing Defense Defense
Nicklas Backstrom David Perron Tyler Johnson Alex Pietrangelo Jake Gardiner
Last Minutes Defensive
Center Left Wing Right Wing Defense Defense
Drew Shore David Perron Tyler Johnson Yann Sauvé Cody Ceci
Goaltenders
Starting : Pascal Leclaire
Backup : Carey Price
Extra Forwards
Normal : Kevin Hayes, Vincent Lecavalier, Ryan O'Reilly - PP : Linus Omark, Nicklas Backstrom - PK : Filip Forsberg
Extra Defensemen
Normal : Cody Ceci, Jake Gardiner, Ryan Murray - PP : Yann Sauvé - PK : Jacob Slavin, Jake Gardiner
Penalty Shots
David Perron, Vincent Lecavalier, Filip Forsberg, Tyler Johnson, Nicklas Backstrom
Scratches
Simon Gagné (Healthy)
Penguins
5 vs 5 Forward
Center Left Wing Right Wing Time % Phy DF OF
1 Steven Stamkos Andrew Cogliano Nikita Kucherov 40 0 2 3
2 Gilbert Brule Jeff Skinner Marcus Foligno 30 0 2 3
3 Joe Colborne Daniel Carcillo Cal Clutterbuck 20 0 2 3
4 Sean Monahan Andreas Martinsen Mark Stone 10 0 2 3
5 vs 5 Defense
Defense Defense Time % Phy DF OF
1 Sean Zimmerman Keith Aulie 40 1 2 2
2 Jeff Schultz Danny DeKeiser 30 1 2 2
3 Alexei Marchenko Jake McCabe 20 1 2 2
4 Sean Zimmerman Keith Aulie 10 1 2 2
PowerPlay Forward
Center Left Wing Right Wing Time % Phy DF OF
1 Steven Stamkos Andrew Cogliano Nikita Kucherov 60 0 1 4
2 Gilbert Brule Jeff Skinner Mark Stone 40 0 1 4
PowerPlay Defense
Defense Defense Time % Phy DF OF
1 Sean Zimmerman Keith Aulie 60 0 2 3
2 Jake McCabe Danny DeKeiser 40 0 2 3
Penalty Kill 4 Players Forward
Center Wing Time % Phy DF OF
1 Steven Stamkos Daniel Carcillo 60 1 3 1
2 Joe Colborne Cal Clutterbuck 40 1 3 1
Penalty Kill 4 Players Defense
Defense Defense Time % Phy DF OF
1 Sean Zimmerman Jeff Schultz 60 1 3 1
2 Danny DeKeiser Alexei Marchenko 40 1 3 1
Penalty Kill - 3 Players Forward
Forward Time % Phy DF OF
1 Daniel Carcillo 60 1 3 1
2 Cal Clutterbuck 40 1 3 1
Penalty Kill - 3 Players Defense
Defense Defense Time % Phy DF OF
1 Sean Zimmerman Jeff Schultz 60 1 3 1
2 Danny DeKeiser Alexei Marchenko 40 1 3 1
4 vs 4 Forward
Center Wing Time % Phy DF OF
1 Steven Stamkos Nikita Kucherov 60 0 2 3
2 Gilbert Brule Andrew Cogliano 40 0 2 3
4 vs 4 Defense
Defense Defense Time % Phy DF OF
1 Sean Zimmerman Keith Aulie 60 1 2 2
2 Jeff Schultz Danny DeKeiser 40 1 2 2
Last Minutes Offensive
Center Left Wing Right Wing Defense Defense
Steven Stamkos Andrew Cogliano Nikita Kucherov Sean Zimmerman Keith Aulie
Last Minutes Defensive
Center Left Wing Right Wing Defense Defense
Steven Stamkos Daniel Carcillo Cal Clutterbuck Sean Zimmerman Jeff Schultz
Goaltenders
Starting : Michal Neuvirth
Backup : Sergei Bobrovsky
Extra Forwards
Normal : Steven Stamkos, Jeff Skinner, Marcus Foligno - PP : Steven Stamkos, Andrew Cogliano - PK : Daniel Carcillo
Extra Defensemen
Normal : Sean Zimmerman, Keith Aulie, Jake McCabe - PP : Keith Aulie - PK : Sean Zimmerman, Jeff Schultz
Penalty Shots
Nikita Kucherov, Steven Stamkos, Andrew Cogliano, Gilbert Brule, Jeff Skinner
Scratches
Marian Hossa (Healthy), Shea Weber (Left Ankle Injury)
% Time on Ice - Blues
Lines # - Real PCT - Wanted PCT - Time Play
Normal Forward
1 - 34% - 40% - 14:18
2 - 26% - 30% - 10:53
3 - 20% - 20% - 8:22
4 - 20% - 10% - 8:29
Normal Defense
1 - 41% - 40% - 17:04
2 - 28% - 30% - 11:53
3 - 24% - 20% - 10:01
4 - 7% - 10% - 3:04
PP Forward
1 - 58% - 60% - 5:43
2 - 42% - 40% - 4:12
PP Defense
1 - 60% - 60% - 5:56
2 - 40% - 40% - 3:59
PK Forward
1 - 78% - 60% - 6:18
2 - 22% - 40% - 1:45
PK Defense
1 - 67% - 60% - 5:22
2 - 33% - 40% - 2:41
PK3 Forward
1 - 0% - 60%
2 - 0% - 40%
PK3 Defense
1 - 0% - 60%
2 - 0% - 40%
44 Forward
1 - 100% - 60% - 0:53
2 - 0% - 40% - 0:00
44 Defense
1 - 100% - 60% - 0:53
2 - 0% - 40% - 0:00
Last Minute Offensive - 0:00
Last Minute Defensive - 0:00
Total
Forward - 60:53
Defense - 60:53
|
% Time on Ice - Penguins
Lines # - Real PCT - Wanted PCT - Time Play
Normal Forward
1 - 34% - 40% - 14:21
2 - 28% - 30% - 11:36
3 - 21% - 20% - 8:52
4 - 17% - 10% - 7:13
Normal Defense
1 - 40% - 40% - 16:55
2 - 32% - 30% - 13:25
3 - 26% - 20% - 11:00
4 - 2% - 10% - 0:42
PP Forward
1 - 57% - 60% - 4:35
2 - 43% - 40% - 3:28
PP Defense
1 - 59% - 60% - 4:46
2 - 41% - 40% - 3:17
PK Forward
1 - 80% - 60% - 7:58
2 - 20% - 40% - 1:57
PK Defense
1 - 63% - 60% - 6:14
2 - 37% - 40% - 3:41
PK3 Forward
1 - 0% - 60%
2 - 0% - 40%
PK3 Defense
1 - 0% - 60%
2 - 0% - 40%
44 Forward
1 - 94% - 60% - 0:50
2 - 6% - 40% - 0:03
44 Defense
1 - 57% - 60% - 0:30
2 - 43% - 40% - 0:23
Last Minute Offensive - 0:00
Last Minute Defensive - 0:00
Total
Forward - 60:53
Defense - 60:53
|
Play-by-Play
1st period
0:01 of 1st period - Nicklas Backstrom wins face-off versus Steven Stamkos in neutral zone.
0:26 of 1st period - Alex Pietrangelo is hit by Gilbert Brule and loses puck.
0:57 of 1st period - Slapshot by Linus Omark.
0:57 of 1st period - Deflect By Jeff Schultz.
0:57 of 1st period - Shot Blocked by Cal Clutterbuck.
0:57 of 1st period - Puck is out of play.
0:58 of 1st period - Drew Shore wins face-off versus Sean Monahan in Penguins zone.
1:07 of 1st period - Snap shot by Fabian Brunnstrom.
1:07 of 1st period - Shot Misses the Net.
1:30 of 1st period - Snap shot by Nikita Kucherov.
1:30 of 1st period - Shot Misses the Net.
1:46 of 1st period - Snap shot by Joe Colborne.
1:46 of 1st period - Stopped by Pascal Leclaire without a rebound.
1:47 of 1st period - Ryan O'Reilly wins face-off versus Joe Colborne in Blues zone.
1:54 of 1st period - Slapshot by Alex Pietrangelo.
1:54 of 1st period - Stopped by Michal Neuvirth with a rebound.
1:58 of 1st period - Wrist shot by Ryan O'Reilly.
1:58 of 1st period - Shot Misses the Net.
2:18 of 1st period - Slapshot by Jake Gardiner.
2:18 of 1st period - Stopped by Michal Neuvirth with a rebound.
2:24 of 1st period - Snap shot by Fabian Brunnstrom.
2:24 of 1st period - Shot Misses the Net.
2:28 of 1st period - Snap shot by Anthony Mantha.
2:28 of 1st period - Stopped by Michal Neuvirth with a rebound.
2:48 of 1st period - Snap shot by Steven Stamkos.
2:48 of 1st period - Shot Misses the Net.
2:50 of 1st period - Snap shot by Steven Stamkos.
2:50 of 1st period - Shot Misses the Net.
3:00 of 1st period - Snap shot by Brandon Yip.
3:00 of 1st period - Shot Misses the Net.
4:02 of 1st period - Ryan Murray is hit by Jake McCabe and loses puck.
4:36 of 1st period - Snap shot by Tyler Johnson.
4:36 of 1st period - Deflect By Filip Forsberg.
4:36 of 1st period - Shot Blocked by Alexei Marchenko.
4:36 of 1st period - Puck is out of play.
4:37 of 1st period - Steven Stamkos wins face-off versus Ryan O'Reilly in Penguins zone.
5:10 of 1st period - Snap shot by Fabian Brunnstrom.
5:10 of 1st period - Stopped by Michal Neuvirth with a rebound.
5:12 of 1st period - Backhand shot by Jake Gardiner.
5:12 of 1st period - Shot Misses the Net.
5:29 of 1st period - Off-side.
5:30 of 1st period - Nicklas Backstrom wins face-off versus Steven Stamkos in neutral zone.
5:36 of 1st period - Steven Stamkos is hit by Alex Pietrangelo.
6:10 of 1st period - Wrist shot by Nikita Kucherov.
6:10 of 1st period - Shot Misses the Net.
6:22 of 1st period - Snap shot by Tyler Johnson.
6:22 of 1st period - Shot Misses the Net.
6:24 of 1st period - Snap shot by Filip Forsberg.
6:24 of 1st period - Goal by Filip Forsberg - Blues : 1 - Penguins : 0.
6:25 of 1st period - Ryan O'Reilly wins face-off versus Gilbert Brule in neutral zone.
6:54 of 1st period - Snap shot by Brandon Yip.
6:54 of 1st period - Shot Blocked by Danny DeKeiser.
7:04 of 1st period - Snap shot by Vincent Lecavalier.
7:04 of 1st period - Shot Misses the Net.
7:40 of 1st period - Snap shot by Tyler Johnson.
7:40 of 1st period - Stopped by Michal Neuvirth without a rebound.
7:41 of 1st period - Steven Stamkos wins face-off versus Nicklas Backstrom in Penguins zone.
7:50 of 1st period - Nicklas Backstrom is hit by Nikita Kucherov and loses puck.
7:57 of 1st period - Wrist shot by Steven Stamkos.
7:57 of 1st period - Shot Misses the Net.
8:12 of 1st period - Kevin Hayes is hit by Sean Monahan and loses puck.
8:49 of 1st period - Cody Ceci is hit by Keith Aulie and loses puck.
8:56 of 1st period - Wrist shot by Steven Stamkos.
8:56 of 1st period - Shot Blocked by Cody Ceci.
8:58 of 1st period - Snap shot by Nikita Kucherov.
8:58 of 1st period - Stopped by Pascal Leclaire with a rebound.
9:15 of 1st period - Snap shot by Sean Monahan.
9:15 of 1st period - Deflect By Andreas Martinsen.
9:15 of 1st period - Stopped by Pascal Leclaire with a rebound.
9:41 of 1st period - Wrist shot by Ryan O'Reilly.
9:41 of 1st period - Stopped by Michal Neuvirth without a rebound.
9:42 of 1st period - Nicklas Backstrom wins face-off versus Steven Stamkos in Penguins zone.
9:43 of 1st period - Wrist shot by Tyler Johnson.
9:43 of 1st period - Stopped by Michal Neuvirth without a rebound.
9:44 of 1st period - Steven Stamkos wins face-off versus Nicklas Backstrom in Penguins zone.
10:13 of 1st period - Slapshot by Sean Zimmerman.
10:13 of 1st period - Stopped by Pascal Leclaire without a rebound.
10:14 of 1st period - Ryan O'Reilly wins face-off versus Jeff Skinner in Blues zone.
10:28 of 1st period - Icing by Marcus Foligno.
10:29 of 1st period - Nicklas Backstrom wins face-off versus Marcus Foligno in Penguins zone.
10:40 of 1st period - Snap shot by Tyler Johnson.
10:40 of 1st period - Shot Misses the Net.
11:18 of 1st period - Cody Ceci is hit by Alexei Marchenko and loses puck.
11:35 of 1st period - Linus Omark is hit by Jake McCabe and loses puck.
11:58 of 1st period - Off-side.
11:59 of 1st period - Ryan O'Reilly wins face-off versus Gilbert Brule in neutral zone.
12:02 of 1st period - Slapshot by Jake Gardiner.
12:02 of 1st period - Shot Blocked by Sean Zimmerman.
12:04 of 1st period - Snap shot by Ryan O'Reilly.
12:04 of 1st period - Stopped by Michal Neuvirth without a rebound.
12:05 of 1st period - Steven Stamkos wins face-off versus Ryan O'Reilly in Penguins zone.
12:18 of 1st period - Snap shot by Steven Stamkos.
12:18 of 1st period - Shot Blocked by Kevin Hayes.
12:20 of 1st period - Snap shot by Sean Zimmerman.
12:20 of 1st period - Deflect By David Perron.
12:20 of 1st period - Goal by Sean Zimmerman - Blues : 1 - Penguins : 1.
12:21 of 1st period - Nicklas Backstrom wins face-off versus Steven Stamkos in neutral zone.
12:55 of 1st period - Gilbert Brule is hit by David Perron and loses puck.
13:14 of 1st period - Snap shot by Daniel Carcillo.
13:14 of 1st period - Shot Blocked by Anthony Mantha.
13:34 of 1st period - Backhand shot by Nikita Kucherov.
13:34 of 1st period - Stopped by Pascal Leclaire with a rebound.
13:42 of 1st period - Wrist shot by Nikita Kucherov.
13:42 of 1st period - Stopped by Pascal Leclaire with a rebound.
13:44 of 1st period - Wrist shot by Steven Stamkos.
13:44 of 1st period - Shot Blocked by Jake Gardiner.
14:25 of 1st period - Snap shot by Gilbert Brule.
14:25 of 1st period - Stopped by Pascal Leclaire with a rebound.
14:33 of 1st period - Minor Penalty to David Perron for Roughing.
14:34 of 1st period - Steven Stamkos wins face-off versus Tyler Johnson in Blues zone.
15:39 of 1st period - Danny DeKeiser is hit by Filip Forsberg and loses puck.
16:29 of 1st period - Jacob Slavin is hit by Keith Aulie and loses puck.
16:33 of 1st period - Penalty to David Perron is over, David Perron is back on ice.
17:27 of 1st period - Nicklas Backstrom is hit by Alexei Marchenko and loses puck.
18:32 of 1st period - Drew Shore is hit by Daniel Carcillo.
18:36 of 1st period - Snap shot by Anthony Mantha.
18:36 of 1st period - Shot Blocked by Alexei Marchenko.
19:07 of 1st period - Slapshot by Jake Gardiner.
19:07 of 1st period - Deflect By Nicklas Backstrom.
19:07 of 1st period - Shot Misses the Net.
19:07 of 1st period - Puck is out of play.
19:08 of 1st period - Sean Monahan wins face-off versus Nicklas Backstrom in Penguins zone.
19:21 of 1st period - Snap shot by Sean Monahan.
19:21 of 1st period - Stopped by Pascal Leclaire with a rebound.
19:39 of 1st period - Off-side.
19:40 of 1st period - Ryan O'Reilly wins face-off versus Steven Stamkos in neutral zone.
19:45 of 1st period - Wrist shot by David Perron.
19:45 of 1st period - Stopped by Michal Neuvirth without a rebound.
19:46 of 1st period - Ryan O'Reilly wins face-off versus Steven Stamkos in Penguins zone.
19:49 of 1st period - Snap shot by David Perron.
19:49 of 1st period - Stopped by Michal Neuvirth with a rebound.
19:51 of 1st period - Slapshot by David Perron.
19:51 of 1st period - Shot Blocked by Keith Aulie.
Goals for this period are 1 for Blues vs 1 for Penguins.
Shots for this period are 11 for Blues vs 9 for Penguins.
2nd period
0:01 of 2nd period - Steven Stamkos wins face-off versus Nicklas Backstrom in neutral zone.
0:10 of 2nd period - Wrist shot by Andrew Cogliano.
0:10 of 2nd period - Stopped by Pascal Leclaire without a rebound.
0:11 of 2nd period - Nicklas Backstrom wins face-off versus Steven Stamkos in Blues zone.
0:25 of 2nd period - Minor Penalty to Keith Aulie for Cross-checking.
0:26 of 2nd period - Steven Stamkos wins face-off versus Nicklas Backstrom in Penguins zone.
2:16 of 2nd period - Nicklas Backstrom is hit by Cal Clutterbuck and loses puck.
2:25 of 2nd period - Penalty to Keith Aulie is over, Keith Aulie is back on ice.
2:37 of 2nd period - Snap shot by Keith Aulie.
2:37 of 2nd period - Stopped by Pascal Leclaire without a rebound.
2:38 of 2nd period - Anthony Mantha wins face-off versus Sean Monahan in Blues zone.
2:47 of 2nd period - Mark Stone is hit by Anthony Mantha and loses puck.
3:04 of 2nd period - Icing by Jake McCabe.
3:05 of 2nd period - Gilbert Brule wins face-off versus Vincent Lecavalier in Penguins zone.
3:38 of 2nd period - Snap shot by Steven Stamkos.
3:38 of 2nd period - Deflect By Nikita Kucherov.
3:38 of 2nd period - Shot Misses the Net.
3:38 of 2nd period - Puck is out of play.
3:39 of 2nd period - Ryan O'Reilly wins face-off versus Steven Stamkos in Blues zone.
3:39 of 2nd period - Ryan O'Reilly is hit by Andrew Cogliano.
3:52 of 2nd period - Minor Penalty to Steven Stamkos for Tripping.
3:53 of 2nd period - Nicklas Backstrom wins face-off versus Gilbert Brule in Penguins zone.
4:07 of 2nd period - Slapshot by Alex Pietrangelo.
4:07 of 2nd period - Stopped by Michal Neuvirth without a rebound.
4:08 of 2nd period - Nicklas Backstrom wins face-off versus Gilbert Brule in Penguins zone.
4:21 of 2nd period - Slapshot by Alex Pietrangelo.
4:21 of 2nd period - Shot Blocked by Jeff Schultz.
4:23 of 2nd period - Snap shot by Tyler Johnson.
4:23 of 2nd period - Stopped by Michal Neuvirth with a rebound.
4:25 of 2nd period - Slapshot by David Perron.
4:25 of 2nd period - Shot Blocked by Jeff Schultz.
4:53 of 2nd period - Slapshot by Joe Colborne.
4:53 of 2nd period - Stopped by Pascal Leclaire without a rebound.
4:54 of 2nd period - Joe Colborne wins face-off versus Nicklas Backstrom in Blues zone.
5:35 of 2nd period - Wrist shot by Ryan O'Reilly.
5:35 of 2nd period - Stopped by Michal Neuvirth with a rebound.
5:52 of 2nd period - Penalty to Steven Stamkos is over, Steven Stamkos is back on ice.
6:26 of 2nd period - Snap shot by Sean Monahan.
6:26 of 2nd period - Stopped by Pascal Leclaire without a rebound.
6:27 of 2nd period - Vincent Lecavalier wins face-off versus Gilbert Brule in Blues zone.
6:32 of 2nd period - Snap shot by Linus Omark.
6:32 of 2nd period - Stopped by Michal Neuvirth with a rebound.
6:34 of 2nd period - Slapshot by Yann Sauvé.
6:34 of 2nd period - Shot Misses the Net.
6:36 of 2nd period - Slapshot by Vincent Lecavalier.
6:36 of 2nd period - Goal by Vincent Lecavalier - Blues : 2 - Penguins : 1.
6:37 of 2nd period - Nicklas Backstrom wins face-off versus Steven Stamkos in neutral zone.
6:42 of 2nd period - Wrist shot by Nicklas Backstrom.
6:42 of 2nd period - Shot Hit the Post.
6:44 of 2nd period - Slapshot by Alex Pietrangelo.
6:44 of 2nd period - Shot Blocked by Andrew Cogliano.
6:46 of 2nd period - Wrist shot by Ryan Murray.
6:46 of 2nd period - Shot Blocked by Keith Aulie.
6:48 of 2nd period - Snap shot by Filip Forsberg.
6:48 of 2nd period - Stopped by Michal Neuvirth with a rebound.
6:50 of 2nd period - Wrist shot by Tyler Johnson.
6:50 of 2nd period - Shot Blocked by Nikita Kucherov.
8:20 of 2nd period - Minor Penalty to Linus Omark for Hooking.
8:21 of 2nd period - Steven Stamkos wins face-off versus Drew Shore in Blues zone.
8:34 of 2nd period - Icing by Steven Stamkos.
8:35 of 2nd period - Drew Shore wins face-off versus Steven Stamkos in Penguins zone.
8:40 of 2nd period - Wrist shot by Tyler Johnson.
8:40 of 2nd period - Shot Misses the Net.
9:10 of 2nd period - Snap shot by Mark Stone.
9:10 of 2nd period - Shot Misses the Net.
9:12 of 2nd period - Slapshot by Jake McCabe.
9:12 of 2nd period - Stopped by Pascal Leclaire with a rebound.
9:14 of 2nd period - Snap shot by Danny DeKeiser.
9:14 of 2nd period - Shot Blocked by Cody Ceci.
9:16 of 2nd period - Backhand shot by Gilbert Brule.
9:16 of 2nd period - Shot Misses the Net.
9:18 of 2nd period - Wrist shot by Gilbert Brule.
9:18 of 2nd period - Stopped by Pascal Leclaire with a rebound.
9:20 of 2nd period - Backhand shot by Danny DeKeiser.
9:20 of 2nd period - Deflect By David Perron.
9:20 of 2nd period - Stopped by Pascal Leclaire with a rebound.
10:00 of 2nd period - Steven Stamkos is hit by Fabian Brunnstrom and loses puck.
10:20 of 2nd period - Penalty to Linus Omark is over, Linus Omark is back on ice.
10:33 of 2nd period - Slapshot by Alex Pietrangelo.
10:33 of 2nd period - Stopped by Michal Neuvirth without a rebound.
10:34 of 2nd period - Joe Colborne wins face-off versus Linus Omark in Penguins zone.
11:03 of 2nd period - Snap shot by Linus Omark.
11:03 of 2nd period - Shot Misses the Net.
11:05 of 2nd period - Slapshot by Cody Ceci.
11:05 of 2nd period - Deflect By Daniel Carcillo.
11:05 of 2nd period - Stopped by Michal Neuvirth without a rebound.
11:06 of 2nd period - Nicklas Backstrom wins face-off versus Steven Stamkos in Penguins zone.
11:07 of 2nd period - Wrist shot by Tyler Johnson.
11:07 of 2nd period - Stopped by Michal Neuvirth with a rebound.
11:15 of 2nd period - Slapshot by Tyler Johnson.
11:15 of 2nd period - Stopped by Michal Neuvirth without a rebound.
11:16 of 2nd period - Steven Stamkos wins face-off versus Nicklas Backstrom in Penguins zone.
12:39 of 2nd period - Slapshot by Alex Pietrangelo.
12:39 of 2nd period - Shot Blocked by Sean Zimmerman.
12:41 of 2nd period - Snap shot by Tyler Johnson.
12:41 of 2nd period - Stopped by Michal Neuvirth without a rebound.
12:42 of 2nd period - Gilbert Brule wins face-off versus Ryan O'Reilly in Penguins zone.
12:42 of 2nd period - Gilbert Brule is hit by Ryan O'Reilly.
12:54 of 2nd period - Wrist shot by Gilbert Brule.
12:54 of 2nd period - Shot Misses the Net.
13:08 of 2nd period - Anthony Mantha is hit by Daniel Carcillo and loses puck.
13:26 of 2nd period - Icing by Cal Clutterbuck.
13:27 of 2nd period - Sean Monahan wins face-off versus Vincent Lecavalier in Penguins zone.
13:27 of 2nd period - Sean Monahan is hit by Brandon Yip.
13:37 of 2nd period - Wrist shot by Mark Stone.
13:37 of 2nd period - Shot Misses the Net.
14:28 of 2nd period - Minor Penalty to Daniel Carcillo for Hooking.
14:29 of 2nd period - Steven Stamkos wins face-off versus Nicklas Backstrom in Penguins zone.
15:07 of 2nd period - Sean Zimmerman is hit by Filip Forsberg and loses puck.
16:28 of 2nd period - Penalty to Daniel Carcillo is over, Daniel Carcillo is back on ice.
16:38 of 2nd period - Linus Omark is hit by Jeff Skinner and loses puck.
17:30 of 2nd period - Ryan Murray is hit by Gilbert Brule and loses puck.
18:24 of 2nd period - Slapshot by Jake McCabe.
18:24 of 2nd period - Stopped by Pascal Leclaire with a rebound.
18:26 of 2nd period - Wrist shot by Joe Colborne.
18:26 of 2nd period - Stopped by Pascal Leclaire without a rebound.
18:27 of 2nd period - Steven Stamkos wins face-off versus Drew Shore in Blues zone.
18:28 of 2nd period - Slapshot by Andrew Cogliano.
18:28 of 2nd period - Stopped by Pascal Leclaire without a rebound.
18:29 of 2nd period - Steven Stamkos wins face-off versus Nicklas Backstrom in Blues zone.
18:33 of 2nd period - Minor Penalty to Filip Forsberg for Holding.
18:34 of 2nd period - Steven Stamkos wins face-off versus Drew Shore in Blues zone.
18:40 of 2nd period - Wrist shot by Andrew Cogliano.
18:40 of 2nd period - Goal by Andrew Cogliano - Blues : 2 - Penguins : 2.
18:41 of 2nd period - Nicklas Backstrom wins face-off versus Steven Stamkos in neutral zone.
18:58 of 2nd period - Slapshot by Tyler Johnson.
18:58 of 2nd period - Shot Misses the Net.
19:12 of 2nd period - Snap shot by Ryan O'Reilly.
19:12 of 2nd period - Stopped by Michal Neuvirth with a rebound.
19:30 of 2nd period - Sean Zimmerman is hit by Kevin Hayes.
Goals for this period are 1 for Blues vs 1 for Penguins.
Shots for this period are 12 for Blues vs 11 for Penguins.
3rd period
0:01 of 3rd period - Nicklas Backstrom wins face-off versus Steven Stamkos in neutral zone.
0:13 of 3rd period - Icing by Andrew Cogliano.
0:14 of 3rd period - Nicklas Backstrom wins face-off versus Steven Stamkos in Penguins zone.
0:26 of 3rd period - Minor Penalty to Steven Stamkos for Holding.
0:27 of 3rd period - Nicklas Backstrom wins face-off versus Gilbert Brule in Penguins zone.
2:26 of 3rd period - Penalty to Steven Stamkos is over, Steven Stamkos is back on ice.
4:14 of 3rd period - David Perron is hit by Sean Zimmerman and loses puck.
4:31 of 3rd period - Wrist shot by Joe Colborne.
4:31 of 3rd period - Shot Blocked by Ryan Murray.
4:45 of 3rd period - Brandon Yip is hit by Jeff Skinner and loses puck.
5:00 of 3rd period - Gilbert Brule is hit by Alex Pietrangelo and loses puck.
5:15 of 3rd period - Nikita Kucherov is hit by Anthony Mantha and loses puck.
5:56 of 3rd period - Alexei Marchenko is hit by Drew Shore and loses puck.
6:07 of 3rd period - Slapshot by David Perron.
6:07 of 3rd period - Deflect By Kevin Hayes.
6:07 of 3rd period - Stopped by Michal Neuvirth without a rebound.
6:08 of 3rd period - Ryan O'Reilly wins face-off versus Gilbert Brule in Penguins zone.
6:19 of 3rd period - Slapshot by Ryan O'Reilly.
6:19 of 3rd period - Shot Misses the Net.
6:41 of 3rd period - Slapshot by Daniel Carcillo.
6:41 of 3rd period - Shot Misses the Net.
6:43 of 3rd period - Slapshot by Daniel Carcillo.
6:43 of 3rd period - Shot Misses the Net.
6:58 of 3rd period - Off-side.
6:59 of 3rd period - Steven Stamkos wins face-off versus Nicklas Backstrom in neutral zone.
7:02 of 3rd period - Alex Pietrangelo is hit by Steven Stamkos and loses puck.
8:58 of 3rd period - Fabian Brunnstrom is hit by Gilbert Brule.
9:23 of 3rd period - Slapshot by Jake Gardiner.
9:23 of 3rd period - Shot Misses the Net.
9:25 of 3rd period - Slapshot by Ryan O'Reilly.
9:25 of 3rd period - Shot Misses the Net.
10:05 of 3rd period - Snap shot by Marcus Foligno.
10:05 of 3rd period - Stopped by Pascal Leclaire with a rebound.
10:11 of 3rd period - Minor Penalty to Drew Shore for Holding.
10:12 of 3rd period - Steven Stamkos wins face-off versus Filip Forsberg in Blues zone.
10:13 of 3rd period - Snap shot by Nikita Kucherov.
10:13 of 3rd period - Shot Misses the Net.
10:15 of 3rd period - Slapshot by Sean Zimmerman.
10:15 of 3rd period - Stopped by Pascal Leclaire with a rebound.
10:17 of 3rd period - Snap shot by Nikita Kucherov.
10:17 of 3rd period - Stopped by Pascal Leclaire with a rebound.
10:19 of 3rd period - Slapshot by Nikita Kucherov.
10:19 of 3rd period - Shot Blocked by Cody Ceci.
10:21 of 3rd period - Slapshot by Nikita Kucherov.
10:21 of 3rd period - Shot Misses the Net.
10:45 of 3rd period - Cody Ceci is hit by Gilbert Brule and loses puck.
12:11 of 3rd period - Penalty to Drew Shore is over, Drew Shore is back on ice.
12:14 of 3rd period - Snap shot by Linus Omark.
12:14 of 3rd period - Stopped by Michal Neuvirth with a rebound.
12:39 of 3rd period - Sean Monahan is hit by David Perron.
13:53 of 3rd period - Snap shot by Linus Omark.
13:53 of 3rd period - Deflect By Vincent Lecavalier.
13:53 of 3rd period - Shot Blocked by Jeff Skinner.
13:53 of 3rd period - Puck is out of play.
13:54 of 3rd period - Gilbert Brule wins face-off versus Nicklas Backstrom in Penguins zone.
14:21 of 3rd period - Minor Penalty to Anthony Mantha for Interference.
14:22 of 3rd period - Drew Shore wins face-off versus Steven Stamkos in Blues zone.
14:49 of 3rd period - Cody Ceci is hit by Mark Stone and loses puck.
16:21 of 3rd period - Penalty to Anthony Mantha is over, Anthony Mantha is back on ice.
16:28 of 3rd period - Joe Colborne is hit by Alex Pietrangelo and loses puck.
16:35 of 3rd period - Jacob Slavin is hit by Jake McCabe and loses puck.
16:59 of 3rd period - Minor Penalty to Keith Aulie for High sticking.
17:00 of 3rd period - Steven Stamkos wins face-off versus Tyler Johnson in Penguins zone.
17:00 of 3rd period - Steven Stamkos is hit by Jake Gardiner.
17:11 of 3rd period - Off-side.
17:12 of 3rd period - Steven Stamkos wins face-off versus Nicklas Backstrom in neutral zone.
18:32 of 3rd period - Filip Forsberg is hit by Danny DeKeiser and loses puck.
18:59 of 3rd period - Penalty to Keith Aulie is over, Keith Aulie is back on ice.
19:50 of 3rd period - Gilbert Brule is hit by Brandon Yip and loses puck.
Goals for this period are 0 for Blues vs 0 for Penguins.
Shots for this period are 2 for Blues vs 3 for Penguins.
Overtime #1
0:01 of 1st overtime period - Steven Stamkos wins face-off versus Nicklas Backstrom in neutral zone.
0:08 of 1st overtime period - Keith Aulie is hit by Alex Pietrangelo and loses puck.
0:47 of 1st overtime period - Wrist shot by Marcus Foligno.
0:47 of 1st overtime period - Shot Blocked by Alex Pietrangelo.
0:49 of 1st overtime period - Wrist shot by Marcus Foligno.
0:49 of 1st overtime period - Stopped by Pascal Leclaire with a rebound.
0:51 of 1st overtime period - Slapshot by Danny DeKeiser.
0:51 of 1st overtime period - Stopped by Pascal Leclaire with a rebound.
0:53 of 1st overtime period - Snap shot by Marcus Foligno.
0:53 of 1st overtime period - Goal by Marcus Foligno - Blues : 2 - Penguins : 3.
Goals for this period are 0 for Blues vs 1 for Penguins.
Shots for this period are 0 for Blues vs 3 for Penguins.
Output by the SimonT Hockey Simulator (STHS) for Francois Prevost